 Dungeon Sprint DCSS version 0.31-a0-986-g5e6e4ef867 (webtiles) character file.

Game seed: 2004415768860028836

2200000 sircluck the Intangible (level 17, -4/226 HPs)
             Began as a Troll Berserker on Nov 17, 2023.
             Was a High Priest of Trog.
             Killed by an exploding large bag of meat (39 damage)
             ... ignited by their inner flame
             ... in the Dungeon (Sprint VIII: "Arena of Blood").
             The game lasted 00:00:43 (22 turns).

sircluck the Intangible (Troll Berserker)             Turns: 22, Time: 00:00:44

Health: -4/226     AC:  4    Str: 35    XL:     17   Next: 24%
Magic:  16/16      EV: 18    Int:  3    God:    Trog [*****.]
Gold:   0          SH:  0    Dex:  9    Spells: 16/16 levels left

rFire   . . .        h - +∞ Axe of Woe
rCold   . . .        (shield currently unavailable)
rNeg    . . .        a - +0 animal skin
rPois   .            (helmet restricted)
rElec   .            (no cloak)
rCorr   .            (gloves unavailable)
SInv    .            (boots unavailable)
Will    +....        (no amulet)
Stlth   ++           (no ring)
HPRegen 1.37/turn    (no ring)
MPRegen 0.15/turn

%: no teleportation
@: no status effects
A: large, unfitting armour, claws 3, regeneration 1, shaggy fur 1, tough skin 1
a: Renounce Religion, Berserk, Trog's Hand, Brothers in Arms


You were in the Dungeon.
You worshipped Trog.
Trog was extremely pleased with you.
You visited 1 branch

Inventory:

Hand Weapons
 h - the +∞ Axe of Woe (weapon)
   (You found it in the Dungeon)
Armour
 a - a +0 animal skin (worn)
Scrolls
 g - a scroll of blinking
Potions
 b - a potion of curing
 c - a potion of heal wounds
 d - a potion of haste
 e - 2 potions of magic
 f - a potion of berserk rage


   Skills:
 O Level 27 Fighting
 O Level 27 Axes
 + Level 3.4(19.8) Maces & Flails
 + Level 3.1(18.3) Polearms
 + Level 3.1 Armour
 O Level 27 Dodging
 + Level 2.3 Stealth
 + Level 5.0 Unarmed Combat


You had 16 spell levels left.
You didn't know any spells.
Your spell library was empty.

Dungeon Overview and Level Annotations

Branches:
Dungeon (1/1)

Altars:
Makhleb


Innate Abilities, Weirdness & Mutations

You are too large for most types of armour.
You have claws for hands.
Your natural rate of healing is unusually fast.
You are covered in fur. (AC +1)
You have tough skin. (AC +1)


Message History

The fiery explosion engulfs you!!
You are engulfed in blazing flames.
You hear a shout! x5
A bag of meat comes into view. It is wielding a +9 war axe.
A meat berserker comes into view. It is wielding a +9 battleaxe.
A bag of meat comes into view. It is wielding a +9 war axe. x4
You hear a shout!
You have mastered Fighting!
You need to enable at least one skill for training.
Your base Maces & Flails skill gained 3 levels and is now at level 3!
Your base Polearms skill gained 3 levels and is now at level 3!
Your Armour skill gained 3 levels and is now at level 3!
Your Stealth skill gained 2 levels and is now at level 2!
Your Unarmed Combat skill gained 2 levels and is now at level 5!
You have reached level 17!
You are too injured to fight recklessly!
Unknown command.
You are too injured to fight recklessly!
You are too injured to fight recklessly!
You're standing in a cloud of flame!
You are too injured to fight recklessly!
You're standing in a cloud of flame!
You are too injured to fight recklessly!
The large bag of meat hits you with a +9 giant spiked club!!!
* * * LOW HITPOINT WARNING * * *
The large bag of meat hits you with a +9 giant spiked club!
* * * LOW HITPOINT WARNING * * *
Items here: )) ==.
You dice the large bag of meat like an onion!!!
Flame seeps out of the large bag of meat.
You pulverise the large bag of meat into a thin bloody mist.
Trog accepts your kill. Trog grants you a weapon!
Something appears at your feet!
You see here a +2 battleaxe.
You cut the bag of meat into ribbons!!!
You pulverise the bag of meat into a thin bloody mist.
You kill the bag of meat!
Trog accepts your kill.
The large bag of meat explodes!
The fiery explosion engulfs you!!!
You die...

.......Ooo.
....o......
......o.. .
#.o.oo..# #..
#.......# .
....###§§.. ..###..
.......)°###.......
#.....§§§_.o.o....
.......#@)...#.....
.......#○§o._# ...
.......#.....# .
.#O......._..o..
.........###o.....
.o..###... ..###.
.... #... ..# #...
..# .. ..


You could see 8 bags of meat.

Vanquished Creatures
  6 ogres (D)
  2 two-headed ogres (D)
  11 orcs (D)
19 creatures vanquished.

Notes
Turn   | Place    | Note
-------+----------+-------------------------------------------
     0 | D        | Found the +∞ Axe of Woe
     0 | D        | sircluck the Troll Berserker began the quest for the Orb.
     0 | D        | Reached XP level 1. HP: 22/22 MP: 0/0
     2 | D        | Noticed a bag of meat
     3 | D        | Noticed a meat berserker
     4 | D        | Noticed a bag of meat
     5 | D        | Noticed a bag of meat
     7 | D        | Killed a meat berserker
     7 | D        | Noticed a bag of meat
     7 | D        | Noticed a bag of meat
     7 | D        | Noticed a bag of meat
     8 | D        | Reached XP level 2. HP: 29/29 MP: 1/1
     8 | D        | Reached XP level 3. HP: 36/36 MP: 2/2
     8 | D        | Reached XP level 4. HP: 44/44 MP: 3/3
     8 | D        | Reached XP level 5. HP: 50/50 MP: 4/4
     8 | D        | Reached XP level 6. HP: 59/59 MP: 5/5
     8 | D        | Reached XP level 7. HP: 66/66 MP: 6/6
     8 | D        | Reached XP level 8. HP: 74/74 MP: 7/7
     8 | D        | Reached XP level 9. HP: 80/80 MP: 8/8
     8 | D        | Reached XP level 10. HP: 88/88 MP: 9/9
     8 | D        | Reached XP level 11. HP: 94/94 MP: 10/10
     8 | D        | Noticed a bag of meat
     8 | D        | Noticed a bag of meat
     8 | D        | Noticed a meat berserker
     8 | D        | Noticed a bag of meat
     9 | D        | Noticed a meat berserker
     9 | D        | Killed a bag of meat
     9 | D        | Reached ** piety under Trog
     9 | D        | Killed a bag of meat
     9 | D        | Noticed a meat berserker
     9 | D        | Noticed a large bag of meat
    10 | D        | Reached XP level 12. HP: 104/104 MP: 11/11
    10 | D        | Reached XP level 13. HP: 110/110 MP: 12/12
    10 | D        | Killed a bag of meat
    10 | D        | Noticed a bag of meat
    11 | D        | Killed a meat berserker
    11 | D        | Reached *** piety under Trog
    12 | D        | Reached XP level 14. HP: 118/118 MP: 13/13
    12 | D        | Killed a meat berserker
    12 | D        | Killed a bag of meat
    12 | D        | Killed a bag of meat
    12 | D        | Noticed a bag of meat
    13 | D        | Reached XP level 15. HP: 124/124 MP: 14/14
    13 | D        | Noticed a meat berserker
    14 | D        | Noticed a meat berserker
    14 | D        | Reached **** piety under Trog
    15 | D        | Reached skill level 27 in Axes
    15 | D        | Reached skill level 27 in Dodging
    16 | D        | Killed a meat berserker
    16 | D        | Reached ***** piety under Trog
    17 | D        | Reached skill level 15 in Fighting
    17 | D        | Reached XP level 16. HP: 98/179 MP: 15/15
    18 | D        | Noticed a large bag of meat
    19 | D        | Killed a meat berserker
    19 | D        | Killed a meat berserker
    19 | D        | Noticed a meat berserker
    20 | D        | Killed a large bag of meat
    20 | D        | Noticed a meat berserker
    21 | D        | Reached skill level 27 in Fighting
    21 | D        | Reached skill level 5 in Unarmed Combat
    21 | D        | Reached XP level 17. HP: 82/226 MP: 16/16
    22 | D        | Killed a large bag of meat
    22 | D        | Received a gift from Trog
    22 | D        | Killed by an exploding large bag of meat... ignited by
                  | their inner flame

Illustrated notes

Levels and vault maps discovered:
D:        meatsprint

Skill      XL: |  1  2  3  4  5  6  7  8  9 10 11 12 13 14 15 16 |
---------------+-------------------------------------------------+-----
Axes           | 17 20 23 25 27 | 27.0
Dodging        | 17 20 23 25 27 | 27.0
Fighting       | 15 27 | 27.0
Maces & Flails | 3 |  3.4
Polearms       | 3 |  3.1
Armour         | 3 |  3.1
Stealth        | 2 |  2.3
Unarmed Combat | 5 |  5.0

Action                     |  1- 3 |  4- 6 |  7- 9 | 10-12 | 13-15 | 16-18 || total
---------------------------+-------+-------+-------+-------+-------+-------++-------
  Melee: Executioner's axe |     1 |       |       |     1 |     5 |     4 ||    11
 Armour: Animal skin       |       |       |       |       |     1 |     5 ||     6

Table legend: (Time is in decaauts)
 A = Elapsed time spent in this place.
 B = Non-inter-level travel time spent in this place.
 C = Inter-level travel time spent in this place.
 D = Time resting spent in this place.
 E = Time spent auto-exploring this place.
 F = Levels seen in this place.
 G = Mean time per level.
                   A        B        C        D        E       F      G
               +--------+--------+--------+--------+--------+-----+--------+
         Total |     20 |     20 |      0 |      0 |      0 |   1 |   20.0 |
       Dungeon |     20 |     20 |      0 |      0 |      0 |   1 |   20.0 |
               +--------+--------+--------+--------+--------+-----+--------+

Top non-repeatable levels by time:
       D: 20 daAuts
